Map: [ESL] Oceanborn

Players

Cyan - Winner!

  • Race: Protoss Protoss
  • Spawn Location: 11:00

Firefly

  • Race: Protoss Protoss
  • Spawn Location: 5:00

Event: ESL SC2 Masters 2023 Winter (Regional)

VOD

Have the link to the VOD?

Description

Time

  • Played on: Nov. 19, 2023, 7:33 a.m.
  • Length: 8:10

All games in this series

Show
View Real Time Build Order
Export as new Build Order

Cyan Protoss - Winner!

Build Orders: Oracle Opening, Phoenix Opening 

Get SALT Encoding   

  12  0:00  Probe  
  13  0:12  Probe  
  14  0:17  Pylon  
  14  0:24  Probe (Chrono Boost)  
  15  0:36  Probe (Chrono Boost)  
  15  0:38  Gateway  
  16  0:44  Probe (Chrono Boost)  
  16  0:48  Assimilator  
  17  0:51  Probe  
  17  0:55  Assimilator  
  18  1:03  Probe (Chrono Boost)  
  19  1:07  Gateway  
  19  1:13  Probe (Chrono Boost)  
  19  1:18  Probe (Chrono Boost)  
  20  1:25  Cybernetics Core  
  21  1:29  Probe  
  22  1:33  Pylon  
  22  1:41  Probe  
  23  1:53  Probe  
  24  2:01  Stalker  
  24  2:02  Warp Gate  
  24  2:07  Sentry  
  28  2:09  Pylon  
  28  2:12  Probe  
  29  2:19  Pylon  
  29  2:31  Stalker  
  33  2:44  Stargate  
  31  2:57  Nexus  
  31  3:05  Shield Battery  
  31  3:09  Stalker  
  31  3:12  Probe  
  34  3:24  Oracle (Chrono Boost)  
  34  3:29  Pylon  
  37  3:35  Pylon  
  37  3:42  Shield Battery  
  37  3:46  Probe  
  38  3:52  Phoenix (Chrono Boost)  
  40  3:57  Stalker  
  40  4:02  Stalker  
  44  4:07  Pylon  
  44  4:21  Stalker  
  44  4:26  Stalker  
  42  4:31  Probe  
  42  4:41  Phoenix (Chrono Boost)  
  42  4:44  Probe  
  42  4:46  Stalker  
  43  4:57  Stalker  
  43  4:58  Probe  
  46  5:02  Probe  
  47  5:09  Stalker  
  47  5:10  Probe  
  47  5:14  Probe  
  49  5:22  Probe  
  49  5:24  Robotics Facility  
  49  5:26  Probe (Chrono Boost)  
  51  5:32  Stalker  
  51  5:35  Probe (Chrono Boost)  
  54  5:41  Pylon  
  54  5:46  Probe (Chrono Boost)  
  54  5:47  Probe (Chrono Boost)  
  54  5:58  Adept  
  54  6:03  Adept  
  53  6:07  Probe x2  
  53  6:19  Probe, Stalker  
  53  6:23  Stalker  
  53  6:25  Probe  
  59  6:26  Observer (Chrono Boost)  
  59  6:31  Probe  
  61  6:38  Probe  
  62  6:46  Probe  
  61  6:50  Probe  
  55  6:58  Probe  
  55  7:01  Warp Prism  
  52  7:02  Probe  
  52  7:06  Adept x2  
  50  7:10  Probe  
  50  7:15  Probe  
  45  7:23  Probe  
  44  7:37  Observer  
  44  7:40  Probe (Chrono Boost)  
  44  7:43  Probe (Chrono Boost)  
  47  7:47  Shield Battery  
  47  7:50  Probe (Chrono Boost)  
  49  7:52  Probe (Chrono Boost)  
  49  7:55  Probe (Chrono Boost)  
Show
View Real Time Build Order
Export as new Build Order

Firefly Protoss 

Build Orders: Oracle Opening 

Get SALT Encoding   

  12  0:00  Probe  
  13  0:12  Probe  
  14  0:17  Pylon  
  14  0:24  Probe  
  15  0:35  Gateway  
  15  0:37  Probe (Chrono Boost)  
  16  0:47  Probe (Chrono Boost)  
  16  0:48  Assimilator  
  17  0:52  Probe (Chrono Boost)  
  18  0:57  Assimilator  
  18  1:04  Probe (Chrono Boost)  
  19  1:09  Gateway  
  19  1:16  Probe (Chrono Boost)  
  20  1:23  Probe (Chrono Boost)  
  20  1:24  Cybernetics Core  
  21  1:30  Probe  
  22  1:36  Pylon  
  22  1:42  Probe  
  23  1:58  Warp Gate (Chrono Boost)  
  23  2:01  Adept x2  
  27  2:05  Pylon  
  27  2:17  Probe  
  28  2:31  Pylon, Adept x2  
  32  2:38  Stargate  
  32  2:40  Probe  
  32  3:01  Adept x2  
  36  3:13  Nexus  
  36  3:18  Pylon  
  36  3:20  Pylon  
  36  3:26  Oracle (Chrono Boost)  
  39  3:39  Adept  
  41  3:41  Adept  
  41  3:45  Probe  
  44  3:58  Twilight Council, Probe  
  45  4:29  Stalker x2  
  43  4:33  Probe  
  43  4:45  Probe, Pylon  
  43  4:51  Dark Shrine  
  39  4:58  Probe  
  38  5:02  Probe  
  37  5:07  Shield Battery  
  37  5:10  Probe  
  37  5:12  Gateway  
  38  5:20  Probe  
  37  5:22  Probe  
  36  5:31  Shield Battery  
  36  5:32  Probe  
  36  5:34  Shield Battery  
  37  5:39  Probe  
  38  5:50  Probe (Chrono Boost)  
  38  5:57  Probe (Chrono Boost)  
  38  6:02  Probe (Chrono Boost)  
  38  6:03  Dark Templar  
  42  6:08  Nexus  
  42  6:09  Probe (Chrono Boost)  
  42  6:10  Probe (Chrono Boost)  
  41  6:13  Dark Templar  
  42  6:20  Probe (Chrono Boost)  
  42  6:21  Probe (Chrono Boost)  
  44  6:30  Probe (Chrono Boost)  
  44  6:31  Probe (Chrono Boost)  
  45  6:36  Dark Templar  
  46  6:45  Probe  
  38  6:48  Probe  
  38  6:53  Dark Templar  
  37  6:57  Probe  
  37  7:00  Probe  
  29  7:09  Probe  
  29  7:12  Probe  
  28  7:20  Probe  
  24  7:24  Probe  
  22  7:32  Probe (Chrono Boost)  
  22  7:37  Probe (Chrono Boost)  
  24  7:40  Probe (Chrono Boost)  
  26  7:44  Probe (Chrono Boost)  
  26  7:48  Probe (Chrono Boost)  
  26  7:50  Probe (Chrono Boost)  
  28  7:52  Probe (Chrono Boost)  
  28  7:53  Probe (Chrono Boost)  
  28  7:57  Probe  
Tags
 
Add a new tag
Caveats
  • Supply blocks, unpowered buildings, or Contaminate may cause inaccurate times.
  • Supply counts are checked every 10 seconds.